 Dungeon Crawl Stone Soup version 0.29.1-1-gd02db69 (webtiles) character file.

Game seed: 2208385588963414191

5 bonegar the Sneak (level 1, -2/15 HPs)
             Began as a Naga Enchanter on Mar 15, 2023.
             Slain by a hobgoblin (4 damage)
             ... on level 1 of the Dungeon.
             The game lasted 00:01:16 (409 turns).

bonegar the Sneak (Naga Enchanter)                   Turns: 409, Time: 00:01:17

Health: -2/15      AC:  1    Str: 10    XL:     1   Next: 80%
Magic:  3/3        EV:  9    Int: 15    God:
Gold:   18         SH:  0    Dex: 11    Spells: 4/4 levels left

rFire   . . .      SeeInvis +   a - +1 dagger
rCold   . . .      Faith    .   (no shield)
rNeg    . . .      Spirit   .   b - +0 robe
rPois   +          Reflect  .   (no helmet)
rElec   .          Harm     .   (no cloak)
rCorr   .          Rampage  .   (no gloves)
Will    .....                   (no barding)
Stlth   +++.......              (no amulet)
HPRegen 0.05/turn               (no ring)
MPRegen 0.08/turn               (no ring)

@: invisible, very slow
A: AC +0, large, see invisible, deformed body, poison resistance, slowness 2,
spit poison 1, naga tail 1
a: Spit Poison


You were on level 1 of the Dungeon.
You visited 1 branch of the dungeon, and saw 1 of its levels.

You collected 18 gold pieces.

Inventory:

Hand Weapons
 a - a +1 dagger (weapon)
Armour
 b - a +0 robe (worn)
Scrolls
 d - a scroll of butterflies {unknown}
 f - a scroll of enchant armour {unknown}
 g - a scroll of enchant weapon {unknown}
Potions
 c - a potion of invisibility
 e - a potion of lignification {unknown}


   Skills:
 + Level 1.0 Short Blades
 + Level 1.6 Dodging
 + Level 4.7 Stealth
 + Level 2.0 Spellcasting
 + Level 3.1 Hexes


You had 4 spell levels left.
You didn't know any spells.
Your spell library contained the following spells:

 Spells                   Type           Power      Damage    Failure   Level
 Ensorcelled Hibernation  Hex/Ice        12%        N/A       19%         2
 Confusing Touch          Hex            10%        N/A       19%         3
 Tukima's Dance           Hex            10%        N/A       19%         3
 Dazzling Flash           Conj/Hex       12%        N/A       34%         3


Dungeon Overview and Level Annotations

Branches:
Dungeon (1/15)

Altars:


Innate Abilities, Weirdness & Mutations

Your serpentine skin is tough. (AC +0)
You have supernaturally acute eyesight. (SInv)
Armour fits poorly on your strangely shaped body.
Your system is resistant to poisons. (rPois)
You cover ground very slowly.
You can spit poison.
You have a snake-like lower body.


Message History

You impale the bat!!
You kill the bat!
Found a scroll labelled PADEMU XIAMENK.
g - a scroll labelled PADEMU XIAMENK A giant cockroach comes into view.
A hobgoblin comes into view.
Found a scroll labelled PADEMU XIAMENK.
You see here 14 gold pieces.
The giant cockroach bites you. The giant cockroach misses you.
You hit the giant cockroach.
The giant cockroach is severely wounded.
The giant cockroach bites you. The giant cockroach barely misses you.
You hit the giant cockroach but do no damage.
The giant cockroach is severely wounded.
The giant cockroach bites you.
You hit the giant cockroach but do no damage.
The giant cockroach is severely wounded.
The giant cockroach bites you.
You hit the giant cockroach.
You kill the giant cockroach!
You see here a giant cockroach corpse.
The hobgoblin shouts!
You hear a shout! x2
The hobgoblin barely misses you. The hobgoblin hits you.
You barely miss the hobgoblin.
A hobgoblin comes into view.
The hobgoblin hits you.
You barely miss the hobgoblin. The hobgoblin barely misses you.
You hit the hobgoblin but do no damage. The hobgoblin hits you.
You're too inexperienced to learn that spell!
You barely miss the hobgoblin. The hobgoblin hits you.
* * * LOW HITPOINT WARNING * * *
A kobold comes into view. It is wielding a +0 dagger.
You fade into invisibility!
The hobgoblin barely misses you.
You hit the hobgoblin.
The hobgoblin is heavily wounded.
The hobgoblin barely misses you. The hobgoblin barely misses you.
The hobgoblin hits you.
You die...

## ...
##############.#
#?#.#.#.#.#.#..
.............
#.#.#.#.#.#.##
......g@.....#
#.#.#.#g#.#.##
#.K#†.# ##$..##
#.### #.#####.#
#.......#
######..#######
#.............#


You could see 2 hobgoblins and a kobold (unable to see you).

Vanquished Creatures
  A bat (D:1)
  A giant cockroach (D:1)
  A ball python (D:1)
  A frilled lizard (D:1)
  A goblin (D:1)
  A rat (D:1)
6 creatures vanquished.

Notes
Turn   | Place    | Note
-------+----------+-------------------------------------------
     0 | D:1      | bonegar the Naga Enchanter began the quest for the Orb.
     0 | D:1      | Reached XP level 1. HP: 15/15 MP: 3/3
   409 | D:1      | Slain by a hobgoblin

Illustrated notes

Levels and vault maps discovered:
D:1:      dpeg_arrival_stonehenge_8_columns, layout_loops_ring,
          amcnicky_mini_corridor_feature, st_stairs_13

Action                   || total
-------------------------++-------
Melee: Dagger            ||    22
  Use: Potion            ||     1
 Stab: Sleeping          ||     2
Armor: Robe              ||     2
Dodge: Dodged            ||    10
